 Dungeon Crawl Stone Soup version 0.27-a0-660-g90476cec82 (webtiles) character file.

Game seed: 10714023483667636553

9289 robertstho the Thaumaturge (level 11, -1/59 HPs)
             Began as a Deep Elf Fire Elementalist on Mar 16, 2021.
             Was a Believer of Sif Muna.
             Shot with an arrow by a centaur warrior (27 damage)
             ... on level 11 of the Dungeon.
             The game lasted 00:26:30 (14566 turns).

robertstho the Thaumaturge (DEFE)                  Turns: 14566, Time: 00:26:31

Health: -1/59      AC:  7    Str:  5    XL:     11   Next: 21%
Magic:  20/27      EV: 13    Int: 24    God:    Sif Muna [**....]
Gold:   525        SH:  5    Dex: 15    Spells: 18/31 levels left

rFire    . . .     SeeInvis .   g - +0 dagger (venom)
rCold    + . .     Faith    .   (no shield)
rNeg     . . .     Spirit   .   J - +0 troll leather armour
rPois    .         Reflect  +   v - +0 helmet
rElec    .         Harm     .   (no cloak)
rCorr    .         Rampage  .   c - +0 pair of gloves
Will     +....                  m - +0 pair of boots
Stlth    +++.......             y - amulet of reflection
HPRegen  1.19/turn              z - ring of protection from cold
MPRegen  0.20/turn              (no ring)

@: no status effects
A: no striking features
a: Renounce Religion, Channel Magic


You were on level 11 of the Dungeon.
You worshipped Sif Muna.
Sif Muna was pleased with you.
You visited 2 branches of the dungeon, and saw 12 of its levels.

You collected 708 gold pieces.
You spent 183 gold pieces at shops.

Inventory:

Hand Weapons
 g - a +0 dagger of venom (weapon)
 B - a +0 whip of flaming
 H - a +0 shortbow
Missiles
 I - 106 arrows
Armour
 a - a +0 robe
 c - a +0 pair of gloves (worn)
 m - a +0 pair of boots (worn)
 p - the +3 pair of boots of Beyond {Will+ MP+9 Str-5 Int+4}
   (You found it on level 4 of the Dungeon)

   It affects your strength (-5).
   It affects your intelligence (+4).
   It affects your willpower, your defense against some magical effects.
   It affects your magic capacity (+9).
 v - a +0 helmet (worn)
 J - a +0 troll leather armour (worn)
 K - +0 steam dragon scales
Jewellery
 y - an amulet of reflection (around neck)
 z - a ring of protection from cold (right hand)
 C - a ring of fire
Wands
 t - a wand of iceblast (39)
 A - a wand of polymorph (7)
 F - a wand of flame (12)
Scrolls
 b - 6 scrolls of teleportation
 d - a scroll of fear {unknown}
 h - 5 scrolls of fog {unknown}
 j - a scroll of immolation {unknown}
 o - 2 scrolls of noise {unknown}
 s - 5 scrolls of amnesia {unknown}
 w - a scroll of vulnerability {unknown}
 x - a scroll of acquirement {unknown}
 G - a scroll of enchant armour {unknown}
 L - a scroll of magic mapping {unknown}
Potions
 e - 3 potions of haste
 f - 2 potions of mutation
 i - 3 potions of brilliance
 k - 3 potions of might
 l - 2 potions of lignification
 n - 2 potions of cancellation {unknown}
 q - 4 potions of curing
 r - a potion of magic
 u - 2 potions of ambrosia {unknown}
 D - 2 potions of heal wounds
 E - 3 potions of flight


   Skills:
 + Level 2.8 Fighting
 + Level 2.7 Short Blades
 + Level 2.8 Bows
 + Level 2.0 Armour
 + Level 5.8 Dodging
 + Level 4.5 Stealth
 + Level 0.7 Shields
 * Level 10.8 Spellcasting
 * Level 9.6 Conjurations
 + Level 2.8 Hexes
 + Level 2.3 Summonings
 + Level 3.2 Necromancy
 + Level 2.5 Translocations
 + Level 2.2 Transmutations
 * Level 9.6 Fire Magic
 + Level 2.2 Ice Magic
 + Level 2.0 Air Magic
 + Level 2.2 Earth Magic
 + Level 2.2 Poison Magic
 * Level 3.6 Invocations
 + Level 2.2 Evocations


You had 18 spell levels left.
You knew the following spells:

 Your Spells              Type           Power      Damage    Failure   Level
a - Foxfire               Conj/Fire      100%       2x1d9     1%          1
b - Conjure Flame         Conj/Fire      56%        6-21      1%          3
c - Sticky Flame          Conj/Fire      56%        2d7       1%          4
d - Fireball              Conj/Fire      28%        3d12      4%          5

Your spell library contained the following spells:

 Spells                   Type           Power      Damage    Failure   Level
 Magic Dart               Conj           100%       1d8       1%          1
 Searing Ray              Conj           100%       3d7       1%          2
 Dazzling Flash           Conj/Hex       84%        N/A       1%          3
 Inner Flame              Hex/Fire       42%        N/A       1%          3
 Corona                   Hex            28%        N/A       2%          1
 Ensorcelled Hibernation  Hex/Ice        50%        N/A       4%          2
 Fulminant Prism          Conj/Hex       21%        3d13      6%          4
 Iskenderun's Mystic Bla  Conj/Tloc      42%        2d10      6%          4
 Confusing Touch          Hex            26%        N/A       8%          3
 Tukima's Dance           Hex            26%        N/A       8%          3


Dungeon Overview and Level Annotations

Branches:
Dungeon (11/15)            Temple (1/1) D:5
   Lair: D:8-11         Orc: D:9-12

Altars:
Ashenzari
Cheibriados
Dithmenos
Elyvilon
Fedhas
Gozag
Hepliaklqana
Kikubaaqudgha
Makhleb
Nemelex Xobeh
Okawaru
Qazlal
Ru
Sif Muna
Trog
Uskayaw
Vehumet
Wu Jian
Xom
Yredelemnul
Zin
The Shining One

Shops:
D:5 :*([   D:9 *

Annotations:
D:2 1 runed translucent door


Message History

The sticky flame hits the centaur!
The centaur is heavily wounded.
The centaur is covered in liquid flames!
The centaur burns!
The centaur shoots an arrow.
You reflect the arrow off an invisible shield around you!
The arrow barely misses the centaur.
The centaur hits you but does no damage. 3 yaks, an orc, an orc warrior and 2 centaurs come into view.
The orc shouts!
The yak bellows!
The centaur burns!
The centaur wields a +0 shortbow.
The centaur shoots an arrow.
The arrow closely misses you.
The centaur wields a +0 shortbow.
The centaur shoots an arrow.
The arrow closely misses you. You block the centaur's attack.
A yak comes into view.
The centaur shoots an arrow.
The arrow hits you.
The centaur wields a +0 shortbow.
The centaur shoots an arrow.
The arrow hits you.
Casting: Sticky Flame (dangerous; 1% risk of failure)
Confirm with . or Enter, or press ? or * to list all spells.
Aiming: Sticky Flame (dangerous; 1% risk of failure)
Press: ? - help, Shift-Dir - straight line, f/p - centaur
Aim: a centaur, quivering arrows (almost dead, covered in liquid flames, 0% to evade)
The sticky flame hits the centaur!
You kill the centaur!
Sif Muna accepts your kill.
The yak bellows!
The centaur shoots an arrow.
The arrow misses you.
The centaur warrior unwields a +0 shortbow.
The centaur warrior hits you but does no damage.
A bullfrog zombie comes into view.
The centaur unwields a +0 shortbow.
You block the centaur's attack.
The centaur shoots an arrow.
The arrow hits you!
The centaur warrior wields a +0 shortbow.
The centaur warrior shoots an arrow.
The arrow hits you!
The centaur wields a +0 shortbow.
The centaur shoots an arrow.
You reflect the arrow off an invisible shield around you!
The arrow closely misses the centaur.
Unknown command.
The centaur warrior shoots an arrow.
The arrow hits you!!
You die...

.# .# .# .# .#
##############.#
...............#
.......<...@.).#
#############c.#
.....c..c#
..Y.cc...#
..Y......#
.oo......#
..Y......#
.........#
ZY.......#


You could see a centaur warrior and a centaur.

Vanquished Creatures
  A two-headed ogre (D:8)
  Pikel (D:7)
  An ugly thing (D:10)
  A troll (D:9)
  2 hornets
  Sigmund (D:3)
  A shadow (D:11)
  3 yaks (D:10)
  Menkaure (D:4)
  2 steam dragons (D:10)
  3 water moccasins
  2 black bears
  5 sky beasts
  5 orc warriors
  A necrophage (D:7)
  5 ogres
  An ice beast (D:5)
  6 centaurs
  A phantom (D:10)
  A lemure (D:7)
  2 kobold brigands
  Blork the orc (D:4)
  3 bullfrogs
  3 gnoll sergeants
  2 scorpions
  A wight (D:10)
  A howler monkey (D:8)
  2 bullfrog zombies
  2 jellies
  2 quasits
  4 centaur zombies
  4 hounds
  6 orc priests
  A centaur skeleton (D:8)
  Jessica (D:2)
  3 iguanas
  4 orc wizards
  A human skeleton (D:2)
  8 worker ants
  A killer bee zombie (D:7)
  A howler monkey zombie (D:7)
  Robin (D:3)
  23 gnolls
  10 adders
  A shadow imp (D:5)
  6 white imps
  3 oozes
  An adder zombie (D:5)
  5 adder skeletons
  3 worms
  3 dart slugs
  9 leopard geckos
  25 orcs
  3 ball pythons
  5 giant cockroaches
  10 hobgoblins
  16 jackals
  12 kobolds
  5 quokkas
  2 bats
  11 frilled lizards
  16 goblins
  2 jackal skeletons (D:4)
  A jackal zombie (D:8)
  8 rats
278 creatures vanquished.

Vanquished Creatures (others)
  A sky beast (D:10)
  841 foxfires
  14 fungi (D:11)
  10 plants (D:11)
866 creatures vanquished.

Grand Total: 1144 creatures vanquished

Notes
Turn   | Place    | Note
-------+----------+-------------------------------------------
     0 | D:1      | robertstho the Deep Elf Fire Elementalist began the quest
                  | for the Orb.
     0 | D:1      | Reached XP level 1. HP: 10/10 MP: 6/6
   116 | D:1      | Reached XP level 2. HP: 15/15 MP: 2/8
   595 | D:1      | Reached XP level 3. HP: 19/19 MP: 8/10
   924 | D:2      | Found a shimmering altar of Xom.
   929 | D:2      | Found a shimmering altar of Xom.
   929 | D:2      | Found a shimmering altar of Xom.
   929 | D:2      | Found a shimmering altar of Xom.
  1005 | D:2      | Reached skill level 4 in Spellcasting
  1020 | D:2      | Noticed Jessica
  1025 | D:2      | Killed Jessica
  1026 | D:2      | Reached XP level 4. HP: 24/24 MP: 9/12
  1464 | D:2      | Found a runed translucent door.
  1464 | D:2      | Noticed a human
  1471 | D:2      | Found a basalt altar of Yredelemnul.
  1631 | D:2      | Reached XP level 5. HP: 28/28 MP: 12/14
  1717 | D:2      | Found a shimmering altar of Xom.
  2088 | D:3      | Reached skill level 5 in Spellcasting
  2108 | D:3      | Noticed a +0 dagger
  2108 | D:3      | Noticed a +0 hand axe
  2158 | D:3      | Found a hide-covered altar of Uskayaw.
  2178 | D:3      | Noticed Sigmund
  2202 | D:4      | Noticed Menkaure
  2205 | D:4      | Killed Menkaure
  2206 | D:4      | Reached skill level 5 in Fire Magic
  2206 | D:4      | Reached XP level 6. HP: 22/32 MP: 11/16
  2397 | D:4      | Identified the +3 pair of boots of Beyond {Will+ MP+9 Str-5
                  | Int+4}
  3096 | D:4      | Noticed Blork the orc
  3108 | D:4      | Killed Blork the orc
  3687 | D:5      | Entered Level 5 of the Dungeon
  3708 | D:5      | Noticed an ice beast
  3712 | D:5      | Killed an ice beast
  3713 | D:5      | Reached skill level 6 in Spellcasting
  3713 | D:5      | Reached XP level 7. HP: 36/36 MP: 12/18
  3761 | D:5      | Found a staircase to the Ecumenical Temple.
  3779 | Temple   | Entered the Ecumenical Temple
  3933 | D:5      | Reached skill level 5 in Conjurations
  4182 | D:3      | Killed Sigmund
  4487 | D:3      | Found a glowing silver altar of Zin.
  4487 | D:3      | Found an opulent altar of Gozag.
  4675 | D:3      | Noticed Robin
  4680 | D:3      | Killed Robin
  4713 | D:3      | Reached skill level 1 in Armour
  4713 | D:3      | Reached skill level 8 in Spellcasting
  4713 | D:3      | Reached XP level 8. HP: 45/45 MP: 12/22
  5121 | D:5      | Found Udyt's Weapon Shop.
  5149 | D:5      | Learned a level 3 spell: Conjure Flame
  5165 | D:5      | Learned a level 4 spell: Sticky Flame
  5171 | D:5      | Learned a level 5 spell: Fireball
  5434 | D:5      | Found Wujidyom's Book Shoppe.
  5708 | D:5      | Found Jeihe's Armour Shop.
  5714 | D:5      | Found a sacrificial altar of Ru.
  5714 | D:5      | Found an ancient bone altar of Kikubaaqudgha.
  5714 | D:5      | Found a shimmering blue altar of Sif Muna.
  5852 | D:5      | Found an iron altar of Okawaru.
  5856 | D:5      | Found a broken altar of Ashenzari.
  5856 | D:5      | Found a glowing golden altar of the Shining One.
  5864 | D:5      | Reached XP level 9. HP: 49/49 MP: 18/23
  5867 | D:5      | Became a worshipper of Sif Muna the Loreminder
  6392 | D:5      | Found Peohof's Assorted Antiques.
  6396 | D:5      | Bought a scroll labelled LICHARAOZO for 29 gold pieces
  6396 | D:5      | Bought a scroll labelled JYTHRI SUJAOHUKIA for 29 gold
                  | pieces
  6396 | D:5      | Bought a scroll labelled HYEM LEOSMIPE for 29 gold pieces
  6396 | D:5      | Bought a yellow potion for 26 gold pieces
  6878 | D:6      | Found a shadowy altar of Dithmenos.
  7655 | D:7      | Noticed Pikel
  7662 | D:7      | Killed Pikel
  7663 | D:7      | Reached skill level 5 in Dodging
  7663 | D:7      | Reached skill level 1 in Invocations
  7829 | D:7      | Reached skill level 9 in Spellcasting
  8254 | D:7      | Reached * piety under Sif Muna
  9143 | D:8      | Noticed a two-headed ogre
  9864 | D:8      | Reached XP level 10. HP: 54/54 MP: 19/25
 10276 | D:8      | Killed a two-headed ogre
 10902 | D:8      | Found a snail-covered altar of Cheibriados.
 10902 | D:8      | Found a shadowy altar of Dithmenos.
 11541 | D:9      | Found Uvyuffam's General Store.
 11554 | D:9      | Bought a potion of heal wounds for 70 gold pieces
 11866 | D:9      | Reached skill level 10 in Spellcasting
 12050 | D:9      | Reached ** piety under Sif Muna
 12467 | D:10     | Entered Level 10 of the Dungeon
 12477 | D:10     | Noticed a green ugly thing
 12511 | D:10     | Killed a green ugly thing
 13558 | D:10     | Reached XP level 11. HP: 59/59 MP: 13/27
 14556 | D:11     | Noticed a centaur warrior
 14566 | D:11     | Shot with an arrow by a centaur warrior

Illustrated notes

Levels and vault maps discovered:
D:1:      grunt_arrival_lava_bath, layout_basic, st_stairs_12
D:2:      layout_basic, xom_redecorated, dk_yredelemnul_ordeal, uniq_jessica
D:3:      layout_rooms, grunt_temple_overflow_gold_and_silver,
          dancing_weapons_uskayaw, uniq_robin, uniq_sigmund
D:4:      layout_loops_ring, grunt_decor_one_mirror, minmay_puff,
          uniq_blork_the_orc, uniq_menkaure
D:5:      layout_basic, grunt_temple_overflow_open,
          minmay_temple_entry_junction_2, serial_shops,
          nicolae_shop_statue_plus, shop, nicolae_shop_waterfront,
          kennysheep_mini
D:6:      layout_loops_ring, serial_co_window_serial, co_window_paths_a,
          co_window_paths_a, co_window_corner_a, co_window_of_opportunity_a,
          co_window_paths_b, co_window_paths_c, co_window_broadway_a,
          co_window_paths_c, co_window_corner_b, co_window_unsneaky_path_d,
          co_window_corner_b, glass_columns_b, basic_altar
D:7:      layout_basic, uniq_pikel, uniq_duvessa
D:8:      layout_loops_cross, gammafunk_temple_overflow_elements
D:9:      layout_irregular_city, serial_shops, shop
D:10:     layout_small_grid, hangedman_misty_isle
D:11:     layout_long_grid, grunt_lair_entry_orc_guard_hut, david_orc_2
Temple:   zaba_magenta_temple

Skill      XL: |  1  2  3  4  5  6  7  8  9 10 |
---------------+-------------------------------+-----
Fire Magic     | 4 5 7 8 9 |  9.6
Spellcasting   | 4 5 6 8 9 10 | 10.8
Conjurations   | 2 3 4 6 8 9 |  9.6
Stealth        | 3 4 |  4.5
Fighting       | 2 |  2.8
Short Blades   | 2 |  2.7
Bows           | 2 |  2.8
Armour         | 1 2 |  2.0
Dodging        | 4 5 |  5.8
Hexes          | 2 |  2.8
Summonings     | 2 |  2.3
Necromancy     | 3 |  3.2
Translocations | 2 |  2.5
Transmutations | 2 |  2.2
Ice Magic      | 2 |  2.2
Air Magic      | 2 |  2.0
Earth Magic    | 2 |  2.2
Poison Magic   | 2 |  2.2
Evocations     | 2 |  2.2
Invocations    | 1 3 |  3.6
Shields        | |  0.7

Action                   |  1- 3 |  4- 6 |  7- 9 | 10-12 || total
-------------------------+-------+-------+-------+-------++-------
Melee: Unarmed           |    11 |       |     1 |       ||    12
       Dagger            |       |    23 |   134 |   134 ||   291
 Cast: Foxfire           |    60 |   122 |   193 |   117 ||   492
       Fireball          |       |       |    18 |    25 ||    43
       Conjure Flame     |       |       |     2 |     2 ||     4
       Sticky Flame      |       |       |    14 |    38 ||    52
Invok: Channel Magic     |       |       |       |     1 ||     1
  Use: Scroll            |       |       |    10 |     2 ||    12
       Potion            |       |       |     1 |       ||     1
 Stab: Sleeping          |       |     1 |       |       ||     1
Armor: Robe              |     6 |     3 |    30 |     7 ||    46
       Troll leather arm |       |       |       |    57 ||    57
Dodge: Dodged            |    15 |    25 |   129 |   130 ||   299
Block: Other             |       |       |    23 |    59 ||    82
       Reflection        |       |       |       |     6 ||     6

Table legend: (Time is in decaauts)
 A = Elapsed time spent in this place.
 B = Non-inter-level travel time spent in this place.
 C = Inter-level travel time spent in this place.
 D = Time resting spent in this place.
 E = Time spent auto-exploring this place.
 F = Levels seen in this place.
 G = Mean time per level.
                   A        B        C        D        E       F      G
               +--------+--------+--------+--------+--------+-----+--------+
         Total |  14542 |  14021 |    521 |   2347 |   9590 |  12 | 1211.8 |
       Dungeon |  14418 |  13915 |    503 |   2347 |   9485 |  11 | 1310.7 |
        Temple |    124 |    107 |     17 |      0 |    105 |   1 |  124.0 |
               +--------+--------+--------+--------+--------+-----+--------+

Top non-repeatable levels by time:
     D:8: 1977 daAuts
     D:9: 1876 daAuts
     D:4: 1734 daAuts
     D:5: 1509 daAuts
    D:10: 1452 daAuts
     D:6: 1321 daAuts
     D:7: 1314 daAuts
     D:2: 1196 daAuts
     D:3: 1086 daAuts
     D:1: 819 daAuts
    D:11: 128 daAuts
  Temple: 124 daAuts
